 Dungeon Crawl Stone Soup version 0.28-a0-893-g5e322aebe8 (webtiles) character file.

Game seed: 15879710185858292904

9177 Htamos the Nimble (level 11, -12/48 HPs)
             Began as a Felid Conjurer on Nov 22, 2021.
             Was a Believer of Vehumet.
             Killed from afar by Fannar (29 damage)
             ... with a bolt of cold
             ... on level 3 of the Lair of Beasts.
             The game lasted 00:58:44 (18368 turns).

Htamos the Nimble (Felid Conjurer)                 Turns: 18368, Time: 00:58:45

Health: -12/48     AC:  2    Str:  9    XL:     11   Next: 19%
Magic:  4/24       EV: 24    Int: 22    God:    Vehumet [**....]
Gold:   689        SH:  0    Dex: 16    Spells: 12/26 levels left
                                        Lives:  0   Deaths: 2

rFire   . . .      SeeInvis +   (weapon unavailable)
rCold   . . .      Faith    .   (shield unavailable)
rNeg    . . .      Spirit   .   (armour unavailable)
rPois   .          Reflect  .   (helmet unavailable)
rElec   .          Harm     .   (cloak unavailable)
rCorr   .          Rampage  .   (gloves unavailable)
Will    ++...                   (boots unavailable)
Stlth   ++++......              (no amulet)
HPRegen 0.16/turn               u - ring of willpower
MPRegen 0.19/turn               s - +6 ring of strength

@: lethally poisoned (-12 -> -32), about to teleport, quick
A: very small, claws 1, fangs 3, see invisible, speed 1, shaggy fur 2, stealthy
paws, no weapons or thrown items, no armour, multi-lived
a: Renounce Religion


You were on level 3 of the Lair of Beasts.
You worshipped Vehumet.
Vehumet was pleased with you.
You visited 3 branches of the dungeon, and saw 13 of its levels.
You also visited: Sewer.

You collected 689 gold pieces.

Inventory:

Jewellery
 s - a +6 ring of strength (right paw)
 u - a ring of willpower (left paw)
Wands
 b - a wand of charming (2)
 f - a wand of mindburst (29)
 i - a wand of digging (3)
 k - a wand of paralysis (11)
Scrolls
 a - 3 scrolls of fog
 c - a scroll of vulnerability
 e - 2 scrolls of magic mapping
 h - a scroll of noise
 n - a scroll of immolation
 q - a scroll of acquirement {unknown}
 r - a scroll of enchant weapon {unknown}
 w - a scroll of identify {@rr}
Potions
 d - 2 potions of brilliance
 g - a potion of lignification {unknown}
 j - 5 potions of flight
 l - a potion of heal wounds
 m - a potion of ambrosia
 o - 2 potions of might
 p - a potion of magic {unknown}
Miscellaneous
 t - a piece from Xom's chessboard (15/15)


   Skills:
 + Level 6.0 Fighting
 * Level 11.7 Dodging
 + Level 9.2 Stealth
 * Level 8.4 Spellcasting
 * Level 8.9 Conjurations
 * Level 11.4 Hexes
 + Level 6.3 Evocations


You had 12 spell levels left.
You knew the following spells:

 Your Spells              Type           Power      Damage    Failure   Level
a - Magic Dart            Conj           100%       1d8       1%          1
b - Fulminant Prism       Conj/Hex       26%        3d14      1%          4
c - Passwall              Tmut/Erth      7%         N/A       11%         2
d - Swiftness             Air            9%         N/A       22%         3
e - Iskenderun's Mystic   Conj/Tloc      29%        2d7       11%         4

Your spell library contained the following spells:

 Spells                   Type           Power      Damage    Failure   Level
 Static Discharge         Conj/Air       29%        N/A       1%          2
 Slow                     Hex            100%       N/A       1%          1
 Searing Ray              Conj           96%        2d7       1%          2
 Confusing Touch          Hex            56%        N/A       1%          3
 Dazzling Flash           Conj/Hex       100%       N/A       1%          3
 Summon Guardian Golem    Hex/Summ       34%        N/A       1%          3
 Leda's Liquefaction      Hex/Erth       17%        N/A       7%          4
 Vampiric Draining        Necr           9%         2d6       22%         3
 Orb of Destruction       Conj           24%        9d10      83%         7
 Lee's Rapid Deconstruct  Erth           4%         3d6*      89%         5
 Statue Form              Tmut/Erth      6%         N/A       100%        6
 Spellforged Servitor     Conj/Summ      14%        N/A       100%        7


Dungeon Overview and Level Annotations

Branches:
Dungeon (8/15)             Temple (1/1) D:7            Lair (4/6) D:8
 Shoals (0/4) Lair:2       Spider (0/4) Lair:3        Sewer (visited)

Altars:
Ashenzari
Cheibriados
Dithmenos
Elyvilon
Fedhas
Gozag
Hepliaklqana
Kikubaaqudgha
Makhleb
Nemelex Xobeh
Okawaru
Qazlal
Ru
Sif Muna
Trog
Uskayaw
Vehumet
Wu Jian
Xom
Yredelemnul
Zin
The Shining One
Beogh

Annotations:
D:4 2 transporters, xoxolimbo's ghost, amateur DsFE
Lair:3 Fannar; Rupert
Lair:4 Nessos


Innate Abilities, Weirdness & Mutations

You have sharp claws.
You have razor-sharp teeth.
You have supernaturally acute eyesight. (SInv)
You cover ground quickly. (Speed+)
You are covered in thick fur. (AC +2)
Your paws help you pounce on unaware monsters.
You are incapable of wielding weapons or throwing items.
You cannot wear armour.
You gain extra lives every three experience levels.


Message History

* * * LOW MAGIC WARNING * * *
Your fulminant prism crackles loudly.
Unknown command.
Casting: Magic Dart (safe; 1% risk of failure)
Confirm with . or Enter, or press ? or * to list all spells.
Aiming: Fulminant Prism (dangerous; 1% risk of failure)
Press: ? - help, Dir - move target, p - Fannar You conjure a prism of explosive energy!
* * * LOW MAGIC WARNING * * *
A fulminant prism comes into view.
Your fulminant prism explodes!
The blast of energy engulfs the redback!!
The redback is severely wounded.
The blast of energy engulfs your fulminant prism!
Your fulminant prism is almost destroyed.
You hear a loud, deep croak!
You hear an angry hiss.
You hear a roar! x2
Unknown command.
Fannar hits you with a +0 quarterstaff of freezing!
Fannar freezes you.
Your fulminant prism crackles loudly.
As you read the scroll of teleportation, it crumbles to dust.
You feel strangely unstable. The black mamba bites you!
* * * LOW HITPOINT WARNING * * *
You are lethally poisoned!
The black mamba poisons you! The redback misses you. x2
Your fulminant prism explodes!
The blast of energy engulfs the redback!!
You kill the redback!
Vehumet accepts your kill.
You feel your power returning.
The blast of energy engulfs the plant!
The plant begins to die.
The plant is lightly damaged.
The black mamba misses you.
You hear an angry hiss.
You hear a roar!
* * * LOW HITPOINT WARNING * * *
You feel very sick.
Fannar points at you and mumbles some strange words.
The bolt of cold hits you!!
Ouch! That really hurt!
You die...

.....##.................
.....##......#P...##....
.....##................[
.....##......#.....###### #
.....###P####.#.....###.#...
......####..................
..........P.................
...........P............... .
......#.##P#P...@S..........[
......#######.#.s...#$.###...
......## . ...##..e...P#.P...
.......#...... #.............
#P....#....... #.............
#......#..... #........#....
##....##.. ..##....#........
##....# #........#......
##....# ..##...^.###...^.


You could see Fannar, a black mamba and a redback.

Vanquished Creatures
  Snorg (Lair:3)
  The ghost of Gilette the Severer, a journeyman MiFi of Elyvilon (Lair:1)
  2 hydras
  A cyclops (D:8)
  2 merfolk sirens (Lair:2)
  8 cane toads
  3 komodo dragons
  2 slime creatures (D:8)
  2 merfolk (Lair:2)
  6 blink frogs
  4 wyverns (D:8)
  20 yaks
  Eustachio (D:4)
  A redback (Lair:3)
  4 basilisks
  Edmund (D:5)
  6 water moccasins
  An orc warrior (D:4)
  2 ice beasts
  4 ogres
  A phantom (D:5)
  A centaur (D:6)
  4 bullfrogs
  A gnoll sergeant (D:4)
  A water moccasin zombie (D:5)
  4 scorpions
  A wyvern skeleton (D:7)
  4 wights (D:7)
  A bullfrog zombie (D:7)
  A centaur zombie (D:8)
  A hound (D:4)
  3 jellies
  4 orc priests
  3 bullfrog skeletons
  3 centaur skeletons
  Crazy Yiuf (D:3)
  4 orc wizards
  5 iguanas
  A killer bee zombie (D:6)
  8 gnolls
  4 adders
  3 river rats
  A shadow imp (D:6)
  A white imp (D:8)
  2 dart slugs
  18 orcs
  4 endoplasms
  5 giant cockroaches
  A goblin (D:1)
  6 hobgoblins
  6 jackals
  6 quokkas
  4 ball pythons
  16 bats
  A frilled lizard (Sewer)
  4 kobolds
  5 rats
  A fulminant prism (Lair:3)
212 creatures vanquished.

Vanquished Creatures (collateral kills)
  A cane toad (Lair:2)
1 creature vanquished.

Vanquished Creatures (others)
  A bullfrog (Lair:2)
  A bush (D:8)
  181 fulminant prisms
  10 fungi
  38 plants
231 creatures vanquished.

Grand Total: 444 creatures vanquished

Notes
Turn   | Place    | Note
-------+----------+-------------------------------------------
     0 | D:1      | Htamos the Felid Conjurer began the quest for the Orb.
     0 | D:1      | Reached XP level 1. HP: 7/7 MP: 4/4
   447 | D:1      | Reached XP level 2. HP: 11/11 MP: 1/6
   979 | D:2      | Reached XP level 3. HP: 15/15 MP: 0/7
  1624 | D:2      | Reached skill level 1 in Fighting
  1714 | D:2      | Found a faded altar of an unknown god.
  1800 | D:2      | Reached XP level 4. HP: 19/19 MP: 6/8
  2652 | D:3      | Found a glowing drain.
  2661 | Sewer    | Entered a sewer
  3723 | D:3      | Found a runed translucent door.
  3724 | D:3      | Noticed Crazy Yiuf
  4091 | D:3      | Killed Crazy Yiuf
  4092 | D:3      | Reached XP level 5. HP: 22/22 MP: 4/10
  4160 | D:4      | Noticed an ogre
  4414 | D:4      | Killed an ogre
  4415 | D:4      | Gained mutation: You are covered in thick fur. (AC +2)
                  | [Felid growth]
  4415 | D:4      | Reached XP level 6. HP: 24/26 MP: 7/11
  4490 | D:4      | Learned a level 4 spell: Fulminant Prism
  4589 | D:4      | Reached skill level 1 in Evocations
  4664 | D:4      | Found a transporter.
  4674 | D:4      | Noticed xoxolimbo's ghost (amateur DsFE)
  4770 | D:4      | You fall into a shaft and drop 2 floors!
  4813 | D:5      | Entered Level 5 of the Dungeon
  4815 | D:5      | Noticed Edmund
  4870 | D:6      | Noticed an ice beast
  4890 | D:6      | Reached skill level 5 in Dodging
  5108 | D:5      | Noticed an orc warrior
  5209 | D:4      | Found a transporter.
  5387 | D:4      | Noticed Eustachio
  5414 | D:4      | Killed Eustachio
  5415 | D:4      | Reached skill level 1 in Hexes
  5415 | D:4      | Reached XP level 7. HP: 30/30 MP: 10/13
  5588 | D:4      | Found the +5 scythe "Finisher" {speed, eviscerate}
  5867 | D:4      | Reached skill level 5 in Conjurations
  6855 | D:5      | Reached XP level 8. HP: 29/34 MP: 5/15
  7227 | D:4      | Reached skill level 5 in Stealth
  7419 | D:5      | Learned a level 2 spell: Passwall
  7423 | D:5      | Learned a level 3 spell: Swiftness
  7496 | D:5      | Killed Edmund
  8661 | D:6      | Reached skill level 5 in Hexes
  8995 | D:7      | Reached skill level 5 in Spellcasting
  9374 | D:7      | Reached XP level 9. HP: 38/38 MP: 8/17
  9434 | D:7      | Found a staircase to the Ecumenical Temple.
  9444 | Temple   | Entered the Ecumenical Temple
  9509 | Temple   | Became a worshipper of Vehumet
  9772 | D:7      | Found a shimmering altar of Xom.
 11765 | D:8      | Reached XP level 10. HP: 43/43 MP: 13/20
 12201 | D:8      | Reached * piety under Vehumet
 12201 | D:8      | Offered knowledge of Foxfire by Vehumet.
 12499 | D:8      | Noticed a cyclops
 12512 | D:8      | Killed a cyclops
 12886 | D:8      | Found a staircase to the Lair.
 13327 | D:8      | Killed a titanic slime creature
 13762 | Lair:1   | Entered Level 1 of the Lair of Beasts
 13764 | Lair:1   | Noticed an eight-headed hydra
 13786 | Lair:1   | Killed an eight-headed hydra
 13787 | Lair:1   | Reached skill level 5 in Evocations
 14008 | Lair:1   | Noticed a cane toad
 14014 | Lair:1   | Killed a cane toad
 14015 | Lair:1   | Reached skill level 5 in Fighting
 14015 | Lair:1   | Reached skill level 10 in Dodging
 14125 | Lair:1   | Reached XP level 11. HP: 38/47 MP: 11/22
 14356 | Lair:1   | Slain by a komodo dragon
 14357 | Lair:1   | Reached XP level 10. HP: -5/44 MP: 5/21
 14372 | Lair:1   | Killed a cane toad
 14430 | Lair:1   | Noticed a cane toad
 14442 | Lair:1   | Killed a cane toad
 14745 | Lair:1   | Noticed a cane toad
 14749 | Lair:1   | Killed a cane toad
 14751 | Lair:1   | Reached skill level 10 in Hexes
 14847 | Lair:1   | Found a runed translucent door.
 14848 | Lair:1   | Noticed Gilette's ghost (journeyman MiFi)
 14914 | Lair:1   | Killed Gilette's ghost
 15554 | Lair:2   | Noticed a four-headed hydra
 15566 | Lair:2   | Killed a four-headed hydra
 15593 | Lair:2   | Noticed a cane toad
 15620 | Lair:2   | Killed a cane toad
 15980 | Lair:2   | Mangled by a merfolk
 15981 | Lair:2   | Reached XP level 9. HP: -12/40 MP: 21/21
 15981 | Lair:2   | Noticed a merfolk siren
 15981 | Lair:2   | Noticed a merfolk siren
 15983 | Lair:2   | Noticed a komodo dragon
 15991 | Lair:2   | Killed a merfolk siren
 15992 | Lair:2   | Reached XP level 10. HP: 44/44 MP: 6/22
 15994 | Lair:2   | Killed a merfolk siren
 16234 | Lair:1   | Offered knowledge of Static Discharge by Vehumet.
 16346 | Lair:2   | Found a staircase to the Shoals.
 16430 | Lair:2   | Reached ** piety under Vehumet
 17412 | Lair:2   | Learned a level 4 spell: Iskenderun's Mystic Blast
 17666 | Lair:3   | Reached XP level 11. HP: 33/48 MP: 10/24
 17825 | Lair:3   | Noticed a seven-headed hydra
 18158 | Lair:3   | Noticed Rupert
 18158 | Lair:3   | Noticed Snorg
 18179 | Lair:4   | Noticed Nessos
 18236 | Lair:3   | Killed Snorg
 18347 | Lair:3   | Found a hole to the Spider Nest.
 18348 | Lair:3   | Noticed Fannar
 18368 | Lair:3   | Killed from afar by Fannar

Illustrated notes

Levels and vault maps discovered:
D:1:      dpeg_arrival_radiant, layout_rooms
D:2:      layout_loops_ring, hellmonk_ecumenical_altar_defaced_shrine,
          dk_noncrumbling_4
D:3:      layout_basic, cheibrodos_sewer_entry_sluice, minmay_distorted,
          uniq_crazy_yiuf_cottage
D:4:      layout_basic, serial_forest, infiniplex_forest_clump_double,
          infiniplex_forest_lined_2, infiniplex_forest_fountain,
          infiniplex_forest_lined_corner, infiniplex_forest_clump_tiny,
          infiniplex_forest_end_1, infiniplex_forest_clump_diagonal,
          infiniplex_forest_lined_3, gammafunk_ghost_stat_death, st_stairs_13,
          uniq_eustachio
D:5:      layout_rooms, lightli_minifort, uniq_edmund
D:6:      layout_loops_cross, chequers_serial_rivers_small_b
D:7:      layout_gridville, xom_butterflies, minmay_temple_entry_trees,
          st_stairs_5
D:8:      layout_layer_cave, minmay_lair_entry_grove
Temple:   nicolae_temple_the_god_donut
Lair:1:   layout_long_grid, gammafunk_ghost_grave, pond, grunt_megastairs_3,
          lemuel_fruit_fields, infiniplex_staircase_pool_2
Lair:2:   layout_big_grid, elwin_shoals_entry_stream, lemuel_fruit_fields
Lair:3:   layout_regular_city, spider_nest_entry_webs,
          eino_small_chamber_without_monster, minmay_lindwurm_lava,
          grunt_megastairs_2, serial_bayou_shore_b, uniq_rupert, uniq_fannar,
          uniq_sonja, uniq_snorg
Lair:4:   layout_cave_pods, infiniplex_staircase_pool, serial_bayou_shore_b,
          uniq_nessos

Skill      XL: |  1  2  3  4  5  6  7  8  9 10 11 |
---------------+----------------------------------+-----
Dodging        | 3 4 5 6 7 8 11 | 11.7
Stealth        | 3 4 5 6 9 8 |  9.2
Conjurations   | 4 5 6 8 |  8.9
Fighting       | 1 2 3 4 5 6 |  6.0
Spellcasting   | 3 4 5 6 8 |  8.4
Evocations     | 1 2 3 4 6 |  6.3
Hexes          | 1 3 5 7 11 | 11.4

Action                   |  1- 3 |  4- 6 |  7- 9 | 10-12 || total
-------------------------+-------+-------+-------+-------++-------
Melee: Unarmed           |    14 |    22 |     9 |    16 ||    61
       Bite              |     2 |     1 |       |     3 ||     6
 Cast: Magic Dart        |    80 |   136 |   204 |   143 ||   563
       Fulminant Prism   |       |     1 |    59 |   122 ||   182
Evoke: Wand              |       |    11 |     4 |    12 ||    27
       Piece from Xom's  |       |       |       |     1 ||     1
  Use: Scroll            |     1 |     6 |     5 |     5 ||    17
       Potion            |       |     5 |       |     7 ||    12
 Stab: Paralysed         |       |    14 |       |       ||    14
       Sleeping          |       |     1 |     1 |       ||     2
Armor: Skin              |     5 |     8 |     3 |     4 ||    20
Dodge: Dodged            |    30 |    48 |    96 |   133 ||   307

Table legend: (Time is in decaauts)
 A = Elapsed time spent in this place.
 B = Non-inter-level travel time spent in this place.
 C = Inter-level travel time spent in this place.
 D = Time resting spent in this place.
 E = Time spent auto-exploring this place.
 F = Levels seen in this place.
 G = Mean time per level.
                   A        B        C        D        E       F      G
               +--------+--------+--------+--------+--------+-----+--------+
         Total |  16651 |  15977 |    674 |   5436 |   7338 |  14 | 1189.4 |
       Dungeon |  12275 |  11769 |    506 |   3690 |   6069 |   8 | 1534.4 |
        Temple |     69 |      1 |     68 |      0 |      0 |   1 |   69.0 |
          Lair |   3733 |   3634 |     99 |   1484 |   1269 |   4 |  933.2 |
         Sewer |    572 |    572 |      0 |    262 |      0 |   1 |  572.0 |
               +--------+--------+--------+--------+--------+-----+--------+

Top non-repeatable levels by time:
     D:8: 2728 daAuts
     D:4: 2056 daAuts
  Lair:1: 1861 daAuts
     D:7: 1842 daAuts
  Lair:2: 1319 daAuts
     D:6: 1316 daAuts
     D:2: 1286 daAuts
     D:5: 1111 daAuts
     D:1: 1088 daAuts
     D:3: 845 daAuts
   Sewer: 572 daAuts
  Lair:3: 550 daAuts
  Temple: 69 daAuts
  Lair:4: 1 daAuts
